 Dungeon Crawl Stone Soup version 0.25-a0-287-g56a5b49892 (webtiles) character file.

Game seed: 7499759106955236087, levelgen mode: deterministic

5413 MoonlitKnight the Basher (level 10, -8/142 HPs)
             Began as a Minotaur Berserker on Dec 12, 2019.
             Was an Elder of Trog.
             Mangled by a sixfirhy (10 damage)
             ... summoned by an obsidian statue
             ... on level 8 of the Dungeon.
             The game lasted 00:18:30 (6443 turns).

MoonlitKnight the Basher (Minotaur Berserker)       Turns: 6443, Time: 00:18:30

Health: -8/142     AC: 18    Str: 29    XL:     10   Next: 40%
Magic:  9/9        EV: 10    Int:  4    God:    Trog [****..]
Gold:   388        SH:  0    Dex: 11    Spells: 9/9 levels left

rFire    . . .     SeeInvis +   a - +5 dire flail
rCold    . . .     Gourm    .   (shield currently unavailable)
rNeg     . . .     Faith    +   J - +0 plate armour
rPois    .         Spirit   .   q - +2 hat
rElec    .         Reflect  .   (no cloak)
rCorr    .         Harm     .   (no gloves)
MR       ++...                  n - +0 pair of boots
Stlth    ..........             l - amulet of faith
HPRegen  1.33/turn              j - ring of see invisible
MPRegen  0.11/turn              (no ring)

@: berserking, regenerating, very quick
A: retaliatory headbutt, horns 2
a: Berserk, Trog's Hand, Brothers in Arms, Renounce Religion


You were on level 8 of the Dungeon.
You worshipped Trog.
Trog was greatly pleased with you.
You were hungry.

You visited 1 branch of the dungeon, and saw 8 of its levels.
You also visited: Sewer.

You collected 388 gold pieces.

Inventory:

Hand Weapons
 a - a +5 dire flail (weapon)
 b - a +0 shortbow of freezing
 I - a +2 mace of crushing
 K - a +2 antimagic great mace
Missiles
 d - 8 boomerangs
 p - a throwing net
 r - 28 poisoned darts (quivered)
 y - 5 curare-tipped darts
 B - 39 sling bullets
 F - 58 arrows
Armour
 n - a +0 pair of boots (worn)
 q - a +2 hat (worn)
 J - a +0 plate armour (worn)
Jewellery
 j - a ring of see invisible (left hand)
 l - an amulet of faith (around neck)
Wands
 N - a wand of polymorph (12)
 O - a wand of paralysis (5)
 P - a wand of digging (5)
 Q - a wand of iceblast (13)
 R - a wand of acid (6)
Scrolls
 e - 4 scrolls of teleportation
 f - a scroll of fear
 g - 3 scrolls of fog
 h - 2 scrolls of random uselessness {unknown}
 k - 5 scrolls of identify
 m - a scroll of amnesia {unknown}
 t - 5 scrolls of remove curse
 u - 2 scrolls of immolation {unknown}
 A - a scroll of blinking {unknown}
 C - a scroll of magic mapping {unknown}
 G - a scroll of noise {unknown}
 M - a scroll of acquirement {unknown}
Potions
 i - a potion of flight {unknown}
 o - 2 potions of might
 s - a potion of lignification {unknown}
 v - a potion of berserk rage {unknown}
 w - 6 potions of curing {unknown}
 x - 4 potions of agility {unknown}
 z - 11 potions of heal wounds {unknown}
 E - 5 potions of brilliance
 H - a potion of magic {unknown}
 L - a potion of haste {unknown}
Comestibles
 c - 16 rations
 D - 10 chunks of flesh


   Skills:
 + Level 11.0 Fighting
 + Level 11.0 Maces & Flails
 + Level 10.7 Armour
 + Level 4.2 Dodging


You had 9 spell levels left.
You didn't know any spells.
Your spell library was empty.

Dungeon Overview and Level Annotations

Branches:
Dungeon (8/15)             Temple (0/1) D:6            Lair (0/6) D:8
  Sewer (visited)

Altars:
Cheibriados
Elyvilon
Gozag
Hepliaklqana
Kikubaaqudgha
Okawaru
Trog
Vehumet
Wu Jian

Annotations:
D:5 2 transporters, endorz's ghost, novice GnWz
D:8 exclusion: obsidian statue


Innate Abilities, Weirdness & Mutations

You reflexively headbutt those who attack you in melee.
You have a pair of horns on your head.


Message History

You barely miss the sixfirhy.
The sixfirhy is moderately wounded.
You sock the sixfirhy!
The sixfirhy is severely wounded.
The sixfirhy hits you but does no damage. x2
A red film seems to cover your vision as you go berserk!
You feel yourself moving faster!
You feel mighty!
You are feeling hungry.
The sixfirhy hits you.
* * * LOW HITPOINT WARNING * * *
The sixfirhy shocks you!
* * * LOW HITPOINT WARNING * * *
The sixfirhy misses you. The sixfirhy hits you.
* * * LOW HITPOINT WARNING * * *
The sixfirhy shocks you!
* * * LOW HITPOINT WARNING * * *
The sixfirhy hits you!
* * * LOW HITPOINT WARNING * * *
The sixfirhy shocks you!
You die...

.......###.............#......>#.
....##.#8#........#....#.........
.......#=#.......###.............
......##3###.##...##........#....
.....##..[ ##.##.................
.....##...##......<..............
...###.....###............##.....
####.........########............
.............[)3@..........#.....
..............)..........#.#.....
#####################....#......#
................##.......#)#.....
...............[......#....###.#.
............................#..#.
.........#......#..##............
.........#....##..#..............
#.#..........###................#


You could see a sixfirhy.

Vanquished Creatures
  A two-headed ogre (D:8)
  An unseen horror (D:7)
  A hornet (D:7)
  Grinder (D:3)
  Sigmund (D:4)
  Eustachio (D:6)
  Edmund (D:5)
  A porcupine (D:8)
  2 sky beasts (D:5)
  2 orc warriors
  An ice beast (D:8)
  A black bear (D:8)
  3 phantoms
  4 ogres
  A centaur (D:7)
  A crocodile (D:8)
  2 big kobolds (Sewer)
  3 bullfrogs
  Blork the orc (D:6)
  2 scorpions
  4 killer bees (D:7)
  4 crimson imps
  A bullfrog zombie (D:5)
  8 hounds
  An orc priest (D:5)
  3 centaur skeletons
  2 jellies
  3 iguanas
  10 orc wizards
  3 worker ants
  A hound skeleton (D:4)
  8 gnolls
  9 adders
  2 shadow imps
  3 oozes
  An adder zombie (D:5)
  4 worms
  3 adder skeletons
  3 dart slugs
  2 leopard geckos
  34 orcs
  5 ball pythons
  7 giant cockroaches
  8 goblins
  6 hobgoblins
  2 jackals (D:6)
  3 quokkas
  8 bats
  3 frilled lizards
  A giant cockroach zombie (D:4)
  18 kobolds
  2 quokka skeletons
  A quokka zombie (D:8)
  7 rats
211 creatures vanquished.

Vanquished Creatures (others)
  A fungus (D:8)
1 creature vanquished.

Grand Total: 212 creatures vanquished

Notes
Turn   | Place    | Note
-------+----------+-------------------------------------------
     0 | D:1      | MoonlitKnight the Minotaur Berserker began the quest for
                  | the Orb.
     0 | D:1      | Reached XP level 1. HP: 19/19 MP: 0/0
   502 | D:1      | Reached XP level 2. HP: 19/27 MP: 1/1
   980 | D:2      | Found a bloodstained altar of Trog.
  1132 | D:2      | Reached XP level 3. HP: 33/33 MP: 2/2
  1229 | D:2      | Reached ** piety under Trog
  1297 | D:2      | Found an opulent altar of Gozag.
  1501 | D:3      | Reached XP level 4. HP: 41/41 MP: 3/3
  1667 | D:3      | Found a glowing drain.
  1689 | D:3      | Reached skill level 5 in Maces & Flails
  1689 | D:3      | Reached XP level 5. HP: 45/47 MP: 4/4
  1695 | Sewer    | Entered a sewer
  1718 | Sewer    | Reached skill level 5 in Fighting
  2248 | Sewer    | Reached *** piety under Trog
  2269 | Sewer    | Reached XP level 6. HP: 41/57 MP: 5/5
  2563 | D:3      | Noticed Grinder
  2565 | D:3      | Paralysed by Grinder for 7 turns
  2576 | D:3      | Killed Grinder
  2576 | D:3      | Reached skill level 5 in Armour
  2576 | D:3      | Reached XP level 7. HP: 39/63 MP: 6/6
  2875 | D:4      | Found an ornate altar of the Wu Jian Council.
  2917 | D:4      | Noticed Sigmund
  2921 | D:4      | Killed Sigmund
  3130 | D:4      | Found a white marble altar of Elyvilon.
  3134 | D:4      | Found an ancient bone altar of Kikubaaqudgha.
  3170 | D:4      | Found a radiant altar of Vehumet.
  3538 | D:5      | Entered Level 5 of the Dungeon
  3545 | D:5      | Noticed Edmund
  3563 | D:5      | Killed Edmund
  3563 | D:5      | Reached **** piety under Trog
  3563 | D:5      | Reached XP level 8. HP: 71/73 MP: 7/7
  3595 | D:5      | Found a transporter.
  3595 | D:5      | Found a transporter.
  3595 | D:5      | Noticed endorz's ghost (novice GnWz)
  3722 | D:5      | Found an iron altar of Okawaru.
  4225 | D:5      | Found a snail-covered altar of Cheibriados.
  4418 | D:6      | Noticed Eustachio
  4429 | D:6      | Killed Eustachio
  4508 | D:6      | Reached XP level 9. HP: 79/82 MP: 8/8
  4509 | D:6      | Noticed Blork the orc
  4510 | D:6      | Reached ***** piety under Trog
  4510 | D:6      | Received a gift from Trog
  4519 | D:6      | Killed Blork the orc
  4692 | D:6      | Found a hazy altar of Hepliaklqana.
  4773 | D:6      | Found a staircase to the Ecumenical Temple.
  5410 | D:7      | Noticed an unseen horror
  5432 | D:7      | Killed an unseen horror
  5432 | D:7      | Reached skill level 10 in Fighting
  5432 | D:7      | Reached skill level 10 in Maces & Flails
  5432 | D:7      | Reached skill level 10 in Armour
  5656 | D:7      | Received a gift from Trog
  5840 | D:8      | Reached XP level 10. HP: 89/94 MP: 9/9
  6124 | D:8      | Found a staircase to the Lair.
  6307 | D:8      | Noticed a two-headed ogre
  6317 | D:8      | Killed a two-headed ogre
  6425 | D:8      | Noticed an obsidian statue
  6426 | D:8      | Noticed a sixfirhy
  6443 | D:8      | HP: 2/142 [sixfirhy[an obsidian statue] (7)]
  6443 | D:8      | Mangled by a sixfirhy

Levels and vault maps discovered:
D:1:      dpeg_arrival_fog, layout_basic
D:2:      layout_rooms, overflow_temple_1_default, lemuel_doored_altar
D:3:      cheibrodos_old_hovel, layout_rooms, cheibrodos_sewer_entry_drain,
          uniq_grinder
D:4:      minmay_razor_zed, layout_rooms, lemuel_crystal_altar,
          kennysheep_mini_moat, vehumet_crystals, lemuel_crystal_altar,
          kennysheep_generic_room_12, uniq_sigmund, uniq_robin
D:5:      layout_rooms, lemuel_crystal_altar, lemuel_coloured_pillars_altar,
          first_ration, gammafunk_ghost_hive, uniq_edmund
D:6:      layout_loops_ring, kennysheep_mini, temple_fountains,
          uniq_crazy_yiuf_cottage, uniq_blork_the_orc, uniq_eustachio
D:7:      layout_rooms
D:8:      minmay_statue_hallways, layout_cave_pools,
          grunt_lair_entry_orc_guard_hut, hangedman_decor_points

Skill      XL: |  1  2  3  4  5  6  7  8  9 10 |
---------------+-------------------------------+-----
Fighting       | 4 5 6 7 8 10 11 | 11.0
Maces & Flails | 4 5 6 7 8 10 11 | 11.0
Armour         | 3 4 5 6 8 10 | 10.7
Dodging        | 4 |  4.2

Action                   |  1- 3 |  4- 6 |  7- 9 | 10-12 || total
-------------------------+-------+-------+-------+-------++-------
Melee: Mace              |    78 |    95 |   172 |       ||   345
       Headbutt          |    13 |    13 |    47 |    12 ||    85
       Dire flail        |       |       |    92 |    66 ||   158
Invok: Berserk           |     1 |     1 |     2 |     1 ||     5
       Trog's Hand       |       |       |       |     1 ||     1
  Use: Scroll            |       |       |     6 |       ||     6
  Eat: Chunk             |     3 |     4 |    13 |     2 ||    22
Armor: Animal skin       |     8 |       |       |       ||     8
       Scale mail        |    21 |    56 |       |       ||    77
       Chain mail        |       |       |    95 |       ||    95
       Plate armour      |       |       |    52 |    30 ||    82
Dodge: Dodged            |    50 |    57 |   129 |    30 ||   266

Table legend:
 A = Non-vault XP
 B = Vault XP
 C = Vault XP percentage of total XP
 D = Non-vault monster count
 E = Vault monster count
 F = Vault count percentage of total count
                 A         B        C        D         E       F
            +---------+---------+-------+---------+---------+-------
      Total |    5877 |    1857 |  24.0 |     167 |      44 |  20.9
            +---------+---------+-------+---------+---------+-------
        D:1 |      28 |       0 |   0.0 |      13 |       0 |   0.0
        D:2 |      59 |       0 |   0.0 |      25 |       0 |   0.0
        D:3 |     108 |     294 |  73.1 |      18 |       5 |  21.7
        D:4 |     320 |     282 |  46.8 |      16 |       7 |  30.4
        D:5 |     956 |     171 |  15.2 |      29 |       1 |   3.3
        D:6 |     614 |     287 |  31.9 |      19 |       2 |   9.5
        D:7 |    2122 |       0 |   0.0 |      28 |       0 |   0.0
        D:8 |    1670 |     574 |  25.6 |      19 |       5 |  20.8
      Sewer |       0 |     249 | 100.0 |       0 |      24 | 100.0
            +---------+---------+-------+---------+---------+-------
